Map: [ESL] Alcyone

Players

SKillous

  • Race: Protoss Protoss
  • Spawn Location: 1:00

Reynor - Winner!

  • Race: Zerg Zerg
  • Spawn Location: 7:00

Event: ESL SC2 Masters 2023 Winter (Regional)

VOD

Have the link to the VOD?

Description

Time

  • Played on: Nov. 12, 2023, 11:56 a.m.
  • Length: 11:18

All games in this series

Show
View Real Time Build Order
Export as new Build Order

SKillous Protoss 

Build Orders: 1 Gate Expand, Oracle Opening 

Get SALT Encoding   

  12  0:00  Probe  
  13  0:14  Pylon  
  13  0:17  Probe (Chrono Boost)  
  14  0:27  Probe (Chrono Boost)  
  15  0:32  Probe (Chrono Boost)  
  16  0:40  Gateway  
  16  0:43  Probe  
  16  0:49  Assimilator  
  17  0:55  Probe  
  18  1:08  Probe  
  19  1:20  Probe  
  20  1:26  Nexus  
  20  1:37  Cybernetics Core  
  20  1:39  Probe  
  21  1:45  Assimilator  
  21  1:51  Probe  
  22  1:55  Pylon  
  22  2:03  Probe  
  23  2:10  Adept (Chrono Boost)  
  25  2:15  Probe  
  25  2:21  Stargate  
  26  2:28  Probe (Chrono Boost)  
  27  2:30  Warp Gate  
  29  2:38  Probe (Chrono Boost)  
  29  2:43  Stalker  
  30  2:46  Probe (Chrono Boost)  
  30  2:47  Probe (Chrono Boost)  
  31  2:52  Probe x2 (Chrono Boost)  
  33  3:04  Oracle (Chrono Boost), Probe x2  
  35  3:08  Pylon  
  38  3:16  Gateway, Probe  
  38  3:17  Probe  
  42  3:28  Probe  
  42  3:29  Probe  
  42  3:33  Oracle (Chrono Boost)  
  45  3:40  Probe  
  46  3:41  Probe  
  46  3:48  Nexus  
  47  3:52  Probe  
  47  3:54  Pylon  
  48  3:57  Probe  
  49  4:03  Twilight Council  
  49  4:04  Probe  
  49  4:09  Probe  
  49  4:16  Probe  
  45  4:21  Probe  
  44  4:28  Probe  
  44  4:30  Gateway x2  
  45  4:33  Blink (Chrono Boost), Probe  
  46  4:41  Assimilator, Probe  
  46  4:45  Probe  
  48  4:49  Assimilator  
  48  4:53  Probe  
  48  4:55  Gateway  
  48  4:57  Probe  
  48  4:59  Gateway  
  50  5:04  Probe  
  50  5:05  Probe  
  52  5:08  Pylon  
  52  5:09  Probe, Stalker  
  52  5:10  Stalker  
  57  5:17  Probe  
  59  5:21  Shield Battery  
  59  5:26  Stalker x2  
  62  5:28  Gateway  
  62  5:30  Probe  
  62  5:33  Stalker  
  62  5:35  Probe  
  66  5:36  Probe  
  67  5:44  Stalker  
  67  5:48  Probe  
  70  5:51  Stalker  
  70  5:52  Stalker  
  74  5:57  Stalker x2  
  74  6:01  Pylon  
  78  6:05  Stalker  
  78  6:09  Stalker  
  76  6:21  Stalker x4  
  80  6:27  Stalker  
  80  6:31  Stalker  
  80  6:32  Stalker  
  86  6:34  Probe  
  85  6:42  Probe  
  85  6:44  Stalker x3  
  85  6:46  Pylon  
  92  6:48  Pylon  
  92  6:51  Pylon  
  92  6:53  Probe  
  93  6:58  Probe  
  93  7:00  Probe  
  91  7:03  Stalker  
  91  7:08  Shield Battery  
  91  7:15  Stalker x4  
  99  7:21  Adept  
  99  7:22  Adept  
  103  7:28  Stalker  
  105  7:39  Stalker x4  
  109  7:54  Stalker x3  
  109  7:57  Pylon  
  115  8:03  Stalker  
  117  8:09  Pylon  
  117  8:11  Pylon  
  117  8:20  Stalker x4  
  115  8:31  Stalker x3  
  119  8:47  Stalker x4  
  117  8:56  Stalker x3  
  117  8:57  Probe x3  
  120  9:09  Probe, Forge  
  121  9:15  Stalker x2  
  125  9:20  Nexus  
  125  9:23  Pylon  
  125  9:26  Stalker  
  125  9:27  Stalker x2  
  125  9:29  Charge  
  128  9:55  Pylon  
  128  9:59  Pylon  
  128  10:00  Pylon  
  128  10:10  Shield Battery  
  128  10:12  Pylon  
  128  10:15  Stalker x2  
  128  10:18  Stalker x4  
  140  10:21  Pylon  
  140  10:22  Probe x3  
  146  10:37  Void Ray (Chrono Boost)  
  124  10:48  Stalker x3  
  124  10:49  Stalker x3  
  99  11:14  Stalker x6  
Show
View Real Time Build Order
Export as new Build Order

Reynor Zerg - Winner!

Build Orders: Hatch First 

Get SALT Encoding   

  12  0:00  Drone  
  13  0:12  Overlord  
  13  0:16  Drone  
  14  0:30  Drone x2  
  16  0:38  Drone  
  17  0:51  Hatchery  
  17  0:54  Drone  
  17  0:57  Drone  
  18  1:08  Extractor  
  17  1:12  Spawning Pool  
  17  1:15  Drone  
  17  1:20  Drone  
  18  1:27  Drone  
  19  1:38  Drone  
  20  1:48  Overlord  
  20  1:59  Queen  
  22  2:02  Queen  
  22  2:03  Zergling x4  
  26  2:10  Drone  
  26  2:13  Metabolic Boost  
  26  2:14  Drone  
  28  2:21  Drone  
  29  2:25  Drone  
  30  2:36  Hatchery  
  29  2:38  Drone  
  29  2:43  Zergling x2  
  31  2:44  Drone  
  31  2:48  Overlord  
  32  2:54  Queen  
  32  2:57  Drone  
  35  2:59  Drone  
  36  3:07  Queen  
  36  3:08  Drone  
  36  3:10  Drone  
  41  3:12  Zergling x2  
  41  3:15  Overlord  
  41  3:18  Drone  
  42  3:20  Drone  
  42  3:22  Drone  
  44  3:30  Overlord  
  44  3:35  Drone, Queen  
  44  3:40  Drone  
  44  3:41  Drone  
  49  3:47  Drone  
  49  3:48  Drone x2  
  52  3:49  Queen  
  52  3:52  Spore Crawler  
  53  4:03  Hatchery  
  53  4:04  Drone x3  
  53  4:06  Drone  
  56  4:10  Overlord  
  56  4:11  Drone x2  
  56  4:15  Drone x2  
  56  4:17  Drone  
  54  4:18  Drone  
  54  4:20  Drone  
  54  4:22  Drone  
  55  4:26  Zergling x4  
  55  4:27  Zergling x2  
  55  4:30  Drone  
  59  4:33  Drone, Spore Crawler  
  59  4:34  Drone  
  59  4:36  Spore Crawler  
  59  4:40  Zergling x2  
  59  4:43  Zergling x4  
  62  4:52  Drone x4  
  66  4:53  Drone  
  66  4:56  Drone x2  
  66  4:57  Overlord  
  66  4:58  Evolution Chamber  
  68  5:03  Drone x2  
  68  5:05  Roach Warren  
  68  5:06  Spore Crawler  
  68  5:11  Queen  
  70  5:20  Drone  
  70  5:21  Drone x3  
  74  5:23  Drone x3, Extractor  
  74  5:24  Overlord  
  74  5:28  Zerg Melee Weapons Level 1  
  76  5:31  Zergling x2  
  76  5:32  Zergling x8  
  76  5:33  Zergling x6  
  76  5:34  Zergling x2  
  84  5:38  Drone  
  84  5:39  Overlord  
  85  5:43  Overlord  
  85  5:45  Zergling x6  
  88  5:51  Lair  
  88  5:52  Zergling x14  
  88  5:56  Overlord  
  95  6:01  Overlord x2  
  95  6:02  Zergling x6  
  95  6:03  Zergling x2  
  99  6:04  Zergling x2  
  99  6:07  Overlord  
  100  6:17  Overlord  
  96  6:19  Zergling x2  
  96  6:20  Zergling x10  
  96  6:23  Zergling x8  
  96  6:24  Zergling x4  
  105  6:27  Roach x3  
  105  6:28  Zergling x4  
  105  6:29  Queen  
  114  6:35  Zergling x2, Roach  
  120  6:40  Roach x2  
  120  6:41  Overlord  
  120  6:44  Zergling x2, Roach x2  
  125  6:48  Drone x2  
  125  6:50  Extractor, Overlord  
  125  6:51  Glial Reconstitution  
  126  6:55  Overlord  
  126  6:56  Drone  
  126  6:58  Overlord  
  126  6:59  Drone x4  
  126  7:00  Drone x2  
  133  7:05  Drone  
  133  7:07  Roach  
  135  7:11  Extractor, Baneling Nest  
  135  7:14  Zergling x6, Roach x2  
  135  7:16  Drone x2  
  135  7:17  Drone  
  135  7:18  Drone  
  135  7:21  Extractor  
  135  7:22  Extractor  
  137  7:24  Drone x3  
  137  7:28  Drone  
  141  7:30  Hatchery  
  141  7:35  Zergling x4, Roach x2  
  141  7:38  Roach x2  
  141  7:41  Zergling x4, Roach x2  
  148  7:44  Overlord  
  148  7:48  Zergling x4, Roach x2  
  148  7:51  Zergling x4, Roach x2  
  147  7:58  Centrifugal Hooks  
  147  8:02  Zergling x8  
  148  8:08  Roach x2  
  148  8:09  Overlord  
  148  8:10  Zergling x6  
  148  8:11  Zergling x4  
  157  8:13  Overlord  
  157  8:14  Overlord  
  145  8:21  Zergling x8  
  145  8:23  Zergling x6  
  142  8:31  Hatchery  
  142  8:33  Zergling x12  
  144  8:34  Ravager x5  
  144  8:37  Zergling x6  
  144  8:38  Queen  
  144  8:40  Roach  
  146  8:43  Roach x4  
  152  8:48  Roach x2  
  152  8:54  Zergling x4, Roach x2  
  144  9:00  Roach  
  144  9:01  Zergling x4, Roach x2  
  149  9:04  Baneling  
  149  9:05  Baneling x6  
  149  9:06  Ravager  
  149  9:07  Ravager  
  149  9:08  Zergling x14  
  157  9:12  Zergling x4  
  157  9:13  Zergling x6  
  161  9:20  Zergling x2  
  161  9:21  Zergling x2  
  162  9:25  Ravager x3  
  162  9:27  Zergling x8  
  162  9:28  Zergling x8  
  173  9:31  Zergling x2  
  173  9:32  Zergling x4  
  173  9:33  Overlord  
  174  9:39  Zergling x2  
  174  9:40  Zergling x14  
  180  9:48  Zergling x14  
  180  9:50  Zergling x2  
  182  9:56  Zergling x4  
  182  9:57  Zergling x4  
  182  9:59  Zergling x10  
  191  10:07  Baneling x25  
  191  10:08  Baneling x6  
  191  10:09  Zergling x4  
  191  10:10  Zergling x14  
  200  10:17  Baneling x5  
  200  10:19  Overseer  
  198  10:38  Overlord x2  
  198  10:42  Zergling x8  
  190  10:43  Zergling x2  
  190  10:47  Zergling x6  
  176  10:50  Zergling x30  
  176  10:55  Overlord  
  188  10:59  Zergling x4  
  188  11:00  Zergling x2  
Tags
 
Add a new tag
Caveats
  • Supply blocks, unpowered buildings, or Contaminate may cause inaccurate times.
  • Supply counts are checked every 10 seconds.